 Dungeon Crawl Stone Soup version 0.32-a0-17-gb74e046682 (webtiles) character file.

Game seed: 1198161744072725750

197 grandjackal the Slasher (level 5, 0/42 HPs)
             Began as a Demonspawn Gladiator on Jan 16, 2024.
             Slain by Grinder (6 damage)
             ... on level 3 of the Dungeon.
             The game lasted 00:02:41 (2535 turns).

grandjackal the Slasher (Demonspawn Gladiator)      Turns: 2535, Time: 00:02:42

Health: 0/42       AC:  9    Str: 15    XL:     5   Next: 46%
Magic:  5/5        EV: 11    Int: 10    God:
Gold:   148        SH:  0    Dex: 28    Spells: 4/4 levels left

rFire   . . .        a - +0 long sword
rCold   . . .        (no shield)
rNeg    . . .        n - +0 scale mail
rPois   .            c - +0 helmet
rElec   .            (no cloak)
rCorr   .            p - +1 pair of gloves
SInv    .            (no boots)
Will    .....        (no amulet)
Stlth   +            k - +6 ring of dexterity
HPRegen 0.27/turn    r - +6 ring of dexterity
MPRegen 0.09/turn

%: no passive effects
@: no status effects
A: demonic guardian 2, big brain 1
a: no special abilities


You were on level 3 of the Dungeon.
You visited 1 branch of the dungeon, and saw 3 of its levels.

You collected 148 gold pieces.

Inventory:

Hand Weapons
 a - a +0 long sword (weapon)
Missiles
 d - 4 throwing nets (quivered)
 e - a javelin
Armour
 c - a +0 helmet (worn)
 n - a +0 scale mail (worn)
 p - a +1 pair of gloves (worn)
Jewellery
 k - a +6 ring of dexterity (left hand)
 l - a ring of willpower
 r - a +6 ring of dexterity (right hand)
Scrolls
 b - a scroll of enchant armour {unknown}
 h - 6 scrolls of identify {unknown}
 m - 2 scrolls of teleportation {unknown}
Potions
 f - 4 potions of haste {unknown}
 g - 2 potions of resistance {unknown}
 i - 2 potions of might {unknown}
 j - a potion of magic {unknown}
 o - a potion of berserk rage {unknown}
 q - a potion of lignification {unknown}


   Skills:
 + Level 4.1 Fighting
 + Level 4.2 Long Blades
 - Level 2.0 Throwing
 - Level 3.0 Dodging


You had 4 spell levels left.
You didn't know any spells.
Your spell library contained the following spells:

 Spells                   Type           Power      Damage    Failure   Level
 Tukima's Dance           Hex            0%         N/A       99%         3
 Passage of Golubria      Tloc           0%         N/A       100%        4
 Yara's Violent Unravell  Hex/Alch       0%         3d3       100%        5


Dungeon Overview and Level Annotations

Branches:
Dungeon (3/15)

Altars:

Annotations:
D:3 1 runed translucent door, Crazy Yiuf, Grinder


Innate Abilities, Weirdness & Mutations

A demonic guardian rushes to your aid.
You have an unusually large brain. (Int +2)


Message History

Grinder is moderately wounded.
Grinder blinks!
The hobgoblin hits you but does no damage.
You barely miss the hobgoblin.
The hobgoblin hits you but does no damage.
The hobgoblin barely misses you. Grinder hits you.
You writhe in agony.
You hit the hobgoblin but do no damage. The hobgoblin barely misses you.
You barely miss the hobgoblin. The hobgoblin barely misses you.
You closely miss the hobgoblin.
The hobgoblin hits you but does no damage.
You closely miss the hobgoblin. The hobgoblin barely misses you.
You hit Grinder.
Grinder is moderately wounded.
Grinder hits you.
You writhe in agony.
You closely miss Grinder.
Grinder is moderately wounded.
Grinder hits you.
You writhe in agony.
You hit Grinder.
Grinder is heavily wounded.
Grinder hits you but does no damage.
You hit Grinder.
Grinder is heavily wounded.
Grinder hits you!
You writhe in agony.
You are too injured to fight recklessly!
You hit Grinder.
Grinder is severely wounded.
Grinder completely misses you.
You hit Grinder.
Grinder is severely wounded.
Grinder hits you!
* * * LOW HITPOINT WARNING * * *
You writhe in agony.
* * * LOW HITPOINT WARNING * * *
A demonic guardian appears!
Grinder says, "I used to sell toenails on the black market."
Grinder hits you.
* * * LOW HITPOINT WARNING * * *
You writhe in agony.
You die...
Grinder says, "Hey, I wasn't done torturing you yet!"

....# #.#..........#
.#######.#..........#
.##......#..........#
.##.######.......... .##.#
.......... .##.# .........
######## ###.#####.##....g#
#......# ..........# #5# #.####.#
##.######## #@# #.#.##.#
##+####### #4####.#.##.#
.........#######......#.##.######
.........#....#.......#.##......#
.........#.##.#†........######.##
##...............######.# #.#
#..######...÷..## #.#.######.#
#..............#####.#.##.....#
###...#...............#..#.#####


You could see Grinder (ally target), a hobgoblin and a friendly orange demon
(summoned).

Vanquished Creatures
  Jessica (D:2)
  An orc wizard (D:3)
  Natasha (twice) (D:2)
  A dart slug (D:3)
  2 orcs (D:3)
  5 ball pythons
  An endoplasm (D:1)
  2 giant cockroaches (D:2)
  6 goblins
  6 hobgoblins
  3 quokkas (D:1)
  7 bats
  6 frilled lizards
  2 kobolds
  5 rats
50 creatures vanquished.

Vanquished Creatures (collateral kills)
  Natasha (D:2)
  Robin (D:2)
  A giant cockroach (D:1)
  4 goblins
7 creatures vanquished.

Grand Total: 57 creatures vanquished

Notes
Turn   | Place    | Note
-------+----------+-------------------------------------------
     0 | D:1      | grandjackal the Demonspawn Gladiator began the quest for
                  | the Orb.
     0 | D:1      | Reached XP level 1. HP: 16/16 MP: 1/1
   381 | D:1      | Gained mutation: A weak demonic guardian rushes to your
                  | aid. [demonic ancestry]
   381 | D:1      | Reached XP level 2. HP: 14/22 MP: 2/2
   894 | D:2      | Noticed Robin
   984 | D:1      | Gained mutation: You have an unusually large brain. (Int
                  | +2) [demonic ancestry]
   984 | D:1      | Reached XP level 3. HP: 15/28 MP: 3/3
  1103 | D:2      | Noticed Jessica
  1113 | D:2      | Killed Jessica
  1121 | D:2      | Killed Robin
  1122 | D:2      | Gained mutation: A demonic guardian rushes to your aid.
                  | [demonic ancestry]
  1122 | D:2      | Reached XP level 4. HP: 21/35 MP: 4/4
  1319 | D:2      | Noticed Natasha
  1333 | D:2      | Killed Natasha
  1530 | D:2      | Noticed Natasha
  1538 | D:2      | Killed Natasha
  1828 | D:2      | Noticed Natasha
  1831 | D:2      | Killed Natasha
  1832 | D:2      | Reached XP level 5. HP: 35/42 MP: 5/5
  2465 | D:3      | Found a runed translucent door.
  2466 | D:3      | Noticed Crazy Yiuf
  2515 | D:3      | Noticed Grinder
  2515 | D:3      | Paralysed by Grinder for 3 turns
  2535 | D:3      | Slain by Grinder

Illustrated notes

Levels and vault maps discovered:
D:1:      onia_arrival_pyramid, layout_basic, serial_corexii_hall,
          corexii_hall_statues_u, corexii_hall_statues_x,
          corexii_hall_statues_i, chequers_hall_statues_wall_a
D:2:      layout_basic, nicolae_titane, uniq_robin, uniq_jessica, uniq_natasha
D:3:      layout_basic, uniq_crazy_yiuf_cottage, uniq_grinder

Skill      XL: |  1  2  3  4  5 |
---------------+----------------+-----
Throwing       | 2 |  2.0
Long Blades    | 3 4 |  4.2
Dodging        | 3 |  3.0
Fighting       | 3 4 |  4.1

Action                     |  1- 3 |  4- 6 || total
---------------------------+-------+-------++-------
  Melee: Long sword        |    94 |    81 ||   175
   Stab: Sleeping          |     1 |     1 ||     2
         Distracted        |     1 |       ||     1
 Armour: Leather armour    |    68 |    22 ||    90
         Scale mail        |       |    41 ||    41
  Dodge: Dodged            |    82 |    53 ||   135

Table legend: (Time is in decaauts)
 A = Elapsed time spent in this place.
 B = Non-inter-level travel time spent in this place.
 C = Inter-level travel time spent in this place.
 D = Time resting spent in this place.
 E = Time spent auto-exploring this place.
 F = Levels seen in this place.
 G = Mean time per level.
                   A        B        C        D        E       F      G
               +--------+--------+--------+--------+--------+-----+--------+
         Total |   2576 |   2546 |     30 |    244 |   1801 |   3 |  858.7 |
       Dungeon |   2576 |   2546 |     30 |    244 |   1801 |   3 |  858.7 |
               +--------+--------+--------+--------+--------+-----+--------+

Top non-repeatable levels by time:
     D:1: 1118 daAuts
     D:2: 800 daAuts
     D:3: 657 daAuts
